[Event "Titled Tuesday Blitz November 29 Early 2022"]
[White "Abdrlauf, Elham"]
[Black "Jimenez Almeida, Luis David"]
[WhiteFideId "1533533"]
[BlackFideId "22242244"]
[WhiteElo "2447"]
[BlackElo "2158"]
[Result "0-1"]
[Round "01"]
[TimeControl "180+1"]
[Date "2022.11.30"]
[WhiteClock "0:00:04"]
[BlackClock "0:00:12"]

1. b3 d5 2. Bb2 Nf6 3. g3 Bg4 4. Bg2 e6 5. Nf3 Be7 6. O-O O-O 7. Ne5 Bh5 8. f4 Nbd7 9. d3 c6 10. h3 Nxe5 11. Bxe5 Nd7 12. Bb2 Bg6 13. Nd2 a5 14. e4 dxe4 15. dxe4 Bf6 16. Bxf6 Nxf6 17. Qe2 Qd4+ 18. Kh2 Rfd8 19. Rad1 h6 20. Nc4 Qc5 21. Ne5 Bh7 22. c4 a4 23. bxa4 Qa5 24. Rxd8+ Rxd8 25. Rd1 Rxd1 26. Qxd1 Bxe4 27. Bxe4 Nxe4 28. Qd7 Qd2+ 29. Qxd2 Nxd2 30. a5 f6 31. Nxc6 bxc6 32. c5 Nf3+ 33. Kh1 Nd4 34. a4 e5 35. a6 Ne6 36. a7 Nc7 37. Kg2 exf4 38. gxf4 Kf7 39. f5 g6 40. Kg3 gxf5 41. Kh4 Kg6 42. Kg3 h5 43. h4 Kf7 44. Kf3 Ke6 45. Kf4 Na8 46. Ke3 Ke5 47. Kf3 f4 48. Kg2 f5 49. Kf3 Nc7 50. a5 Na8 51. Ke2 Ke4 52. Kf2 f3 53. Kf1 Ke3 54. Ke1 f4 55. Kf1 f2 56. a6 Nc7 57. a8=Q Nxa8 58. a7 Nc7 0-1


[Site "https://www.chess.com"]

[Event "Titled Tuesday Blitz November 29 Early 2022"]
[White "Adnan, Habib"]
[Black "Sadykov, Ramil"]
[WhiteFideId "11202270"]
[BlackFideId "24113590"]
[WhiteElo "2110"]
[BlackElo "2245"]
[Result "0-1"]
[Round "01"]
[TimeControl "180+1"]
[Date "2022.11.30"]
[WhiteClock "0:00:16"]
[BlackClock "0:00:30"]

1. d4 Nf6 2. c4 g6 3. Nf3 Bg7 4. Nc3 d5 5. Bg5 dxc4 6. e3 Be6 7. Ne5 Nd5 8. Nxc4 c5 9. Qa4+ Nc6 10. Rd1 cxd4 11. exd4 O-O 12. Be3 a6 13. Ne5 Nxe5 14. dxe5 Nxc3 15. bxc3 Qc7 16. Bd4 Bxe5 17. Be2 Rac8 18. O-O Bxh2+ 19. Kh1 Be5 20. Bf3 Bxd4 21. cxd4 Qc4 22. Qxc4 Bxc4 23. Rfe1 Rc7 24. a3 Rd8 25. Kh2 e6 26. Kg3 Bd5 27. Re3 Rc4 28. Be2 Ra4 29. f3 Bc6 30. d5 Rxd5 31. Rc1 Rad4 32. Kf2 Rd2 33. Ke1 Kg7 34. g4 R5d4 35. Rcc3 Rd6 36. Kf2 Ra2 37. Kg3 Rdd2 38. Bc4 Rab2 39. Kf4 h6 40. Bxa6 Bxf3 41. Rxf3 bxa6 42. Rc7 Rf2 43. Kg3 Rxf3+ 44. Kxf3 Rb3+ 45. Ke4 Rxa3 46. Ra7 Ra4+ 47. Kf3 g5 48. Kg3 Ra3+ 49. Kf2 a5 50. Ke2 a4 51. Kf2 Ra2+ 52. Ke3 Ra1 53. Kd3 a3 54. Kc3 Kg6 55. Kb3 Rg1 56. Kxa3 Ra1+ 57. Kb4 Rxa7 58. Kc5 Ra4 59. Kb5 Rxg4 60. Kc5 h5 61. Kd6 h4 62. Ke7 Rf4 63. Kf8 h3 64. Ke7 h2 65. Kf8 h1=Q 66. Ke7 Qh8 67. Kd7 Rd4+ 68. Kc6 Qc8+ 69. Kb5 Rd5+ 70. Kb4 Qb7+ 71. Kc4 Qb5+ 72. Kc3 Rd3+ 73. Kc2 Qb3+ 74. Kc1 Rd1# 0-1


[Site "https://www.chess.com"]

[Event "Titled Tuesday Blitz November 29 Early 2022"]
[White "Aldokhin, Ivan"]
[Black "Lesbekova, Assel"]
[WhiteFideId "24115720"]
[BlackFideId "13713248"]
[WhiteElo "2313"]
[BlackElo "1700"]
[Result "1-0"]
[Round "01"]
[TimeControl "180+1"]
[Date "2022.11.30"]
[WhiteClock "0:00:05"]
[BlackClock "0:00:12"]

1. e4 c5 2. Nf3 Nc6 3. d4 cxd4 4. Nxd4 e5 5. Nxc6 bxc6 6. c4 Nf6 7. Bd3 Bb4+ 8. Nd2 O-O 9. O-O d5 10. Qe2 d4 11. a3 Bd6 12. b4 a5 13. c5 Bc7 14. Bb2 Bg4 15. f3 Be6 16. Bc4 Qb8 17. Bxe6 fxe6 18. Qc4 Kf7 19. f4 exf4 20. Nf3 Kg8 21. Nxd4 axb4 22. axb4 Rxa1 23. Bxa1 Kh8 24. Nxe6 Rf7 25. Ng5 Rd7 26. Nf7+ Kg8 27. Ne5+ Kh8 28. Nxd7 Nxd7 29. Rd1 Ne5 30. Qe6 h6 31. Bxe5 Bxe5 32. Qxc6 Qxb4 33. Qc8+ Kh7 34. Qf5+ 1-0


[Site "https://www.chess.com"]

[Event "Titled Tuesday Blitz November 29 Early 2022"]
[White "Ankudinova, Yelena"]
[Black "Janaszak, Dawid"]
[WhiteFideId "13702114"]
[BlackFideId "1119206"]
[WhiteElo "1930"]
[BlackElo "2226"]
[Result "0-1"]
[Round "01"]
[TimeControl "180+1"]
[Date "2022.11.30"]
[WhiteClock "0:00:01"]
[BlackClock "0:01:01"]

1. c4 Nf6 2. Nc3 d5 3. cxd5 Nxd5 4. g3 h5 5. h3 h4 6. g4 g6 7. d3 Bg7 8. Bd2 b6 9. Bg2 Bb7 10. Nf3 e6 11. Qa4+ Bc6 12. Qa3 Qe7 13. Qxe7+ Nxe7 14. O-O Nd7 15. Rac1 O-O-O 16. b4 Kb8 17. Rc2 Bb7 18. Rfc1 Rc8 19. Bg5 f6 20. Bf4 e5 21. Be3 g5 22. d4 Ng6 23. dxe5 Ndxe5 24. Nxe5 Nxe5 25. Bxb7 Kxb7 26. Nd5 c6 27. Ne7 Rc7 28. Nf5 Bf8 29. f4 gxf4 30. Bxf4 Bxb4 31. Kf2 Bc5+ 32. Kf1 Rf8 33. Rb1 Ka8 34. a4 a5 35. e3 Rd7 36. Ke2 Ng6 37. Bh2 Re8 38. Kf3 Rd3 39. Re1 Ra3 40. Rc4 Ra2 41. Nd6 Re6 42. Ne4 Rxh2 43. Nxc5 bxc5 44. Rxc5 Rxh3+ 45. Kf2 Rh2+ 46. Kf3 Ne5+ 0-1


[Site "https://www.chess.com"]

[Event "Titled Tuesday Blitz November 29 Early 2022"]
[White "Antonio, Jorge Carlos"]
[Black "Cadena M, Gustavo Adolfo"]
[WhiteFideId "113190"]
[BlackFideId "4404815"]
[WhiteElo "2247"]
[BlackElo "2241"]
[Result "1-0"]
[Round "01"]
[TimeControl "180+1"]
[Date "2022.11.30"]
[WhiteClock "0:01:17"]
[BlackClock "0:00:18"]

1. e4 c6 2. d4 d5 3. e5 c5 4. c3 Nc6 5. Nf3 Bg4 6. Bb5 cxd4 7. cxd4 e6 8. O-O Rc8 9. Be3 Qb6 10. a4 a6 11. h3 Bh5 12. Bxc6+ Rxc6 13. Nc3 Qxb2 14. Bd2 Bxf3 15. gxf3 Qb6 16. Rb1 Qc7 17. Qb3 b6 18. f4 Ne7 19. a5 b5 20. Nxb5 axb5 21. Qxb5 Qd7 22. a6 Rc8 23. Qxd7+ Kxd7 24. Rb7+ Ke8 25. Rfb1 Nc6 26. a7 Nxa7 27. Rxa7 Be7 28. Rbb7 Bh4 29. Rxf7 Rf8 30. Rxg7 Rc2 31. Ra8+ Bd8 32. Ba5 1-0


[Site "https://www.chess.com"]

[Event "Titled Tuesday Blitz November 29 Early 2022"]
[White "Arabidze, Meri"]
[Black "Bogaudinov, Rushan"]
[WhiteFideId "13604040"]
[BlackFideId "4129288"]
[WhiteElo "2403"]
[BlackElo "1997"]
[Result "1-0"]
[Round "01"]
[TimeControl "180+1"]
[Date "2022.11.30"]
[WhiteClock "0:01:34"]
[BlackClock "0:01:01"]

1. Nf3 e6 2. b3 d5 3. Bb2 a5 4. a3 Nf6 5. e3 Be7 6. c4 O-O 7. Be2 c5 8. cxd5 exd5 9. d4 b6 10. O-O Nc6 11. Nc3 Be6 12. Rc1 Rc8 13. Na4 cxd4 14. Nxd4 Nxd4 15. Qxd4 Rb8 16. Rfd1 Qd6 17. h3 h6 18. Bb5 Rfc8 19. Qe5 Rxc1 20. Rxc1 Qxe5 21. Bxe5 Rf8 22. Bb2 Rb8 23. Rc7 Bd8 24. Rc1 Ne4 25. Be5 Rc8 26. Rxc8 Bxc8 27. Bd4 Nd2 28. Bxb6 Be7 29. Bxa5 Bxa3 30. Bxd2 1-0


[Site "https://www.chess.com"]

[Event "Titled Tuesday Blitz November 29 Early 2022"]
[White "Arbunic Castro, Giovanna"]
[Black "Silva, Miguel Antonio Neto"]
[WhiteFideId "3400549"]
[BlackFideId "1911929"]
[WhiteElo "1939"]
[BlackElo "2223"]
[Result "0-1"]
[Round "01"]
[TimeControl "180+1"]
[Date "2022.11.30"]
[WhiteClock "0:00:01"]
[BlackClock "0:00:18"]

1. e4 c5 2. g3 d5 3. exd5 Qxd5 4. Nf3 Bg4 5. Bg2 Qe6+ 6. Kf1 Bh3 7. Nc3 Bxg2+ 8. Kxg2 Nf6 9. d3 Qc6 10. Qe2 Nbd7 11. Ne4 e6 12. Be3 Nxe4 13. dxe4 Qxe4 14. Rad1 Qc6 15. Rhe1 Ne5 16. Bf4 Nxf3 17. Qxf3 Qxf3+ 18. Kxf3 Rd8 19. Rxd8+ Kxd8 20. Bb8 Be7 21. Bxa7 Kc7 22. b4 Ra8 23. Bxc5 Bxc5 24. bxc5 Rxa2 25. Re2 Kc6 26. Rd2 Kc7 27. Ke4 Ra4+ 28. Ke5 Rc4 29. f4 Rxc5+ 30. Ke4 b5 31. g4 h5 32. h3 g6 33. g5 h4 34. Kf3 Kc6 35. Kg4 Rc4 36. Rf2 e5 37. Kxh4 Kc5 38. Kg4 Kb4 39. h4 Rxf4+ 40. Rxf4+ exf4 41. Kxf4 Kc3 42. Ke5 Kxc2 43. Kf6 b4 44. Kxf7 b3 45. Kxg6 b2 46. Kh6 b1=Q 47. h5 Kd3 48. g6 Qc1+ 49. Kh7 Qg5 50. h6 Qf5 0-1


[Site "https://www.chess.com"]

[Event "Titled Tuesday Blitz November 29 Early 2022"]
[White "Ardila, Oscar Humberto"]
[Black "Melian, Juan Sebastian"]
[WhiteFideId "4404742"]
[BlackFideId "3706575"]
[WhiteElo "1959"]
[BlackElo "2044"]
[Result "1/2-1/2"]
[Round "01"]
[TimeControl "180+1"]
[Date "2022.11.30"]
[WhiteClock "0:00:05"]
[BlackClock "0:00:07"]

1. d4 Nf6 2. c4 e6 3. Nc3 Bb4 4. Bd2 O-O 5. Nf3 b6 6. e3 Bb7 7. Be2 d6 8. O-O Nbd7 9. Rc1 Bxc3 10. Bxc3 Ne4 11. Be1 f5 12. Nd2 Qg5 13. Nf3 Qg6 14. Bd3 Ng5 15. Nxg5 Qxg5 16. g3 Nf6 17. f4 Qh6 18. Be2 g5 19. fxg5 Qxg5 20. Bd2 Be4 21. Bf3 Rf7 22. Qe2 h5 23. Rf2 Rg7 24. Rg2 Bxf3 25. Qxf3 Ne4 26. Qf4 h4 27. Qxg5 Rxg5 28. Be1 hxg3 29. Bxg3 Kf7 30. Bf4 Rxg2+ 31. Kxg2 Rg8+ 32. Kf3 Kf6 33. Bg3 e5 34. dxe5+ dxe5 35. Rd1 Ke6 36. Rd5 Ng5+ 37. Ke2 Nf7 38. b4 c6 39. Rd1 Nd6 40. c5 Ne4 41. Rc1 b5 42. Kf3 Rd8 43. Rc2 Rd1 44. h4 Nf6 45. Ke2 Rg1 46. Kf2 Rb1 47. Kg2 Rxb4 48. Rd2 Nd5 49. h5 Rg4 50. Kh3 Rg8 51. Kh4 f4 52. exf4 exf4 53. Bf2 Kf5 54. Re2 Rg4+ 55. Kh3 Rg5 56. Re8 Rxh5+ 57. Kg2 Rh6 58. Kf3 Rh3+ 59. Kg2 Rc3 60. Rf8+ Ke4 61. Re8+ Kd3 62. Ra8 Kc4 63. Rxa7 Rc2 64. Kf3 Rc3+ 65. Ke4 Ne3 66. Kxf4 Ng2+ 67. Ke5 Ne3 68. Bxe3 Rxe3+ 69. Kd6 Rh3 70. Kxc6 Rh6+ 71. Kb7 Kxc5 72. Ra5 Kb4 73. Ra8 Rg6 74. Kc7 Rf6 75. Kb7 Rg6 76. Kc7 Rh6 77. Kb7 Rh3 78. Kc7 Rh5 79. Kb7 Kc3 80. Kc6 b4 81. Kb6 Kc4 82. Kc6 Kc3 83. Kb6 Kb2 84. Kc6 Rh3 85. Kb5 Ra3 86. Rh8 Kxa2 87. Kxb4 Rb3+ 88. Ka4 Rb7 89. Rh2+ Kb1 90. Rh1+ Kc2 91. Rh2+ Kc3 92. Rh3+ Kd4 93. Rh4+ Ke5 94. Rh5+ Kf6 1/2-1/2


[Site "https://www.chess.com"]

[Event "Titled Tuesday Blitz November 29 Early 2022"]
[White "Atakhan, Abtin"]
[Black "Huber, Benedikt"]
[WhiteFideId "22502203"]
[BlackFideId "12923583"]
[WhiteElo "2298"]
[BlackElo "2199"]
[Result "1-0"]
[Round "01"]
[TimeControl "180+1"]
[Date "2022.11.30"]
[WhiteClock "0:01:08"]
[BlackClock "0:00:27"]

1. c4 Nf6 2. Nc3 c5 3. g3 e6 4. Nf3 b6 5. Bg2 Bb7 6. O-O Be7 7. d4 cxd4 8. Qxd4 d6 9. Bg5 h6 10. Bxf6 Bxf6 11. Qf4 a6 12. Rfd1 Be7 13. Rac1 O-O 14. Ne4 d5 15. cxd5 exd5 16. Nc3 Re8 17. Nd4 Bg5 18. Qf5 Bxc1 19. Rxc1 Nc6 20. Rd1 Nxd4 21. Rxd4 Rc8 22. h4 Qe7 23. e3 Rc4 24. Rd1 d4 25. exd4 g6 26. Qd3 b5 27. Nd5 Qd6 28. Ne3 Bxg2 29. Kxg2 Rcc8 30. h5 Re7 31. hxg6 Qxg6 32. Nd5 Rd7 33. Qxg6+ 1-0


[Site "https://www.chess.com"]

[Event "Titled Tuesday Blitz November 29 Early 2022"]
[White "Aung Thant Zin"]
[Black "Leenhouts, Koen"]
[WhiteFideId "13000063"]
[BlackFideId "1008439"]
[WhiteElo "2278"]
[BlackElo "2409"]
[Result "0-1"]
[Round "01"]
[TimeControl "180+1"]
[Date "2022.11.30"]
[WhiteClock "0:00:39"]
[BlackClock "0:00:51"]

1. e4 e5 2. Nf3 d6 3. d4 exd4 4. Nxd4 Nf6 5. Nc3 Be7 6. Bc4 O-O 7. Bb3 c6 8. O-O a5 9. a4 Na6 10. Re1 Nc5 11. Ba2 Qb6 12. b3 Bg4 13. f3 Bd7 14. Be3 Rad8 15. Nce2 Qc7 16. c4 Rfe8 17. Bb1 Na6 18. Nc3 Bf8 19. Bd3 Nb4 20. Bf1 Bc8 21. Rc1 Nd7 22. Kh1 g6 23. Nde2 Bg7 24. Bd4 Ne5 25. Ng3 h5 26. Be2 h4 27. Nf1 f5 28. f4 Ng4 29. Bxg4 fxg4 30. Bxg7 Qxg7 31. Ne3 g3 32. h3 Qf6 33. Rf1 Re7 34. f5 Qg5 0-1


[Site "https://www.chess.com"]

[Event "Titled Tuesday Blitz November 29 Early 2022"]
[White "Averjanov, Alexey"]
[Black "Andrews, Todd"]
[WhiteFideId "14109867"]
[BlackFideId "2012456"]
[WhiteElo "2629"]
[BlackElo "2328"]
[Result "1/2-1/2"]
[Round "01"]
[TimeControl "180+1"]
[Date "2022.11.30"]
[WhiteClock "0:00:31"]
[BlackClock "0:00:13"]

1. d4 Nf6 2. c4 c5 3. d5 b5 4. Nf3 e6 5. Bg5 Bb7 6. dxe6 fxe6 7. cxb5 d5 8. e3 Nbd7 9. Be2 Bd6 10. O-O O-O 11. Nc3 Qe8 12. Bh4 Qg6 13. Bg3 Bxg3 14. hxg3 e5 15. Qb3 Kh8 16. Rac1 d4 17. exd4 cxd4 18. Na4 Qh6 19. Rc7 Bd5 20. Bc4 Ng4 21. Nh4 Bxc4 22. Qxc4 Ndf6 23. Nc5 Nh5 24. Ne6 Nxg3 25. fxg3 Qe3+ 26. Kh1 Qxg3 27. Rxf8+ Rxf8 28. Nf3 Nf2+ 29. Kg1 Nh3+ 30. Kh1 Nf2+ 31. Kg1 Nh3+ 32. Kh1 Nf2+ 1/2-1/2


[Site "https://www.chess.com"]

[Event "Titled Tuesday Blitz November 29 Early 2022"]
[White "Baches Garcia, Guillermo"]
[Black "Pakleza, Zbigniew"]
[WhiteFideId "2209764"]
[BlackFideId "1119290"]
[WhiteElo "2451"]
[BlackElo "2411"]
[Result "1-0"]
[Round "01"]
[TimeControl "180+1"]
[Date "2022.11.30"]
[WhiteClock "0:00:05"]
[BlackClock "0:00:16"]

1. e4 d6 2. d4 Nf6 3. f3 Nbd7 4. Ne2 e5 5. c4 Be7 6. Nbc3 O-O 7. Be3 c6 8. Qd2 a6 9. g4 b5 10. g5 Nh5 11. Ng3 Nf4 12. h4 Nb6 13. c5 dxc5 14. dxe5 Qxd2+ 15. Bxd2 Ne6 16. Nf5 Re8 17. O-O-O Bf8 18. Be3 b4 19. Nb1 a5 20. Nd6 Rd8 21. f4 Ba6 22. Bxa6 Rxa6 23. f5 Nd4 24. Bxd4 cxd4 25. Rxd4 c5 26. Rd2 c4 27. Rhd1 Rd7 28. Nxc4 Rc7 29. b3 Nxc4 30. bxc4 Rxc4+ 31. Rc2 Rxe4 32. Rd8 h6 33. Rcc8 hxg5 34. hxg5 Rc6+ 35. Rxc6 Rxe5 36. Rcc8 Rxf5 37. Rxf8+ Kh7 38. Rc6 Rxg5 39. Rxf7 Rg1+ 40. Kc2 Rg2+ 41. Nd2 a4 42. Rb6 b3+ 43. axb3 axb3+ 44. Rxb3 Kg8 45. Rbf3 Rg6 46. R7f4 Rc6+ 47. Kd3 Rd6+ 48. Ke3 Ra6 49. Ne4 Ra3+ 50. Kf2 Ra2+ 51. Kg3 Ra1 52. Kg4 Kh7 53. Ng5+ Kg6 54. Ne4 Rg1+ 55. Ng3 Ra1 56. Re4 Ra6 57. Re5 Ra4+ 58. Rf4 Ra6 59. Rfe4 Kh7 60. Re6 Ra1 61. Rd4 Ra5 62. Ree4 Ra6 63. Rd5 Rg6+ 64. Rg5 Ra6 65. Re7 Kh8 66. Nf5 Ra4+ 67. Kf3 g6 68. Nd6 Ra6 69. Rc5 Ra3+ 70. Ke2 Ra2+ 71. Kd1 Ra5 72. Rc8# 1-0


[Site "https://www.chess.com"]

[Event "Titled Tuesday Blitz November 29 Early 2022"]
[White "Bai, Adelard"]
[Black "Hartikainen, Jarmo"]
[WhiteFideId "16301188"]
[BlackFideId "503134"]
[WhiteElo "2299"]
[BlackElo "2211"]
[Result "1-0"]
[Round "01"]
[TimeControl "180+1"]
[Date "2022.11.30"]
[WhiteClock "0:01:13"]
[BlackClock "0:00:32"]

1. d4 Nf6 2. c4 g6 3. Nf3 Bg7 4. g3 d5 5. Bg2 O-O 6. O-O c5 7. cxd5 cxd4 8. Nxd4 Nxd5 9. Nb5 e6 10. e4 a6 11. exd5 axb5 12. Nc3 exd5 13. Qxd5 b4 14. Qxd8 Rxd8 15. Nd5 Nc6 16. Bg5 Bxb2 17. Rab1 Rxd5 18. Bxd5 Bc3 19. Rfd1 Bf5 20. Rbc1 Nd4 21. Kg2 Ra5 22. Bxb7 Rxa2 23. Rxc3 bxc3 24. Rxd4 c2 25. Bf6 1-0


[Site "https://www.chess.com"]

[Event "Titled Tuesday Blitz November 29 Early 2022"]
[White "Balabayeva, Xeniya"]
[Black "Sarana, Alexey"]
[WhiteFideId "13719688"]
[BlackFideId "24133795"]
[WhiteElo "2041"]
[BlackElo "2708"]
[Result "0-1"]
[Round "01"]
[TimeControl "180+1"]
[Date "2022.11.30"]
[WhiteClock "0:00:01"]
[BlackClock "0:01:07"]

1. d4 Nf6 2. c4 e6 3. Nc3 d5 4. Nf3 Nbd7 5. Bf4 Bb4 6. Rc1 c5 7. a3 Bxc3+ 8. Rxc3 Ne4 9. Rc1 Qa5+ 10. Bd2 Nxd2 11. Qxd2 Qxd2+ 12. Kxd2 dxc4 13. Rxc4 b6 14. e3 Bb7 15. Be2 Ke7 16. Rhc1 Rhd8 17. Ke1 a5 18. dxc5 bxc5 19. R4c3 Bd5 20. Bb5 Rab8 21. a4 f6 22. Ke2 c4 23. Nd2 Ne5 24. e4 Bc6 25. Bxc6 Nxc6 26. Nxc4 Rb4 27. b3 Nd4+ 28. Ke3 Nxb3 29. R1c2 g5 30. Nb2 Nd4 31. Rd2 Rd7 32. Rcd3 e5 33. Rc3 h5 34. Nd3 Rb1 35. Nc5 Re1+ 36. Kd3 Rd6 37. Kc4 Rb1 0-1


[Site "https://www.chess.com"]

[Event "Titled Tuesday Blitz November 29 Early 2022"]
[White "Bashirli, Saadat"]
[Black "Dehtiarov, Roman"]
[WhiteFideId "13429990"]
[BlackFideId "14186640"]
[WhiteElo "1408"]
[BlackElo "2200"]
[Result "1-0"]
[Round "01"]
[TimeControl "180+1"]
[Date "2022.11.30"]
[WhiteClock "0:00:17"]
[BlackClock "0:00:14"]

1. d4 Nf6 2. c4 e6 3. Nc3 Bb4 4. e3 O-O 5. Bd3 b6 6. Ne2 Bb7 7. O-O d5 8. a3 Be7 9. cxd5 exd5 10. Qc2 Nbd7 11. Nf4 h6 12. Qb3 c6 13. Bf5 Bd6 14. Nd3 Re8 15. Bd2 Nf8 16. Rac1 Bc8 17. Bxc8 Rxc8 18. Na4 Ng6 19. f3 Qc7 20. h3 Nh5 21. f4 Ng3 22. Rf2 Qd7 23. Ne5 Bxe5 24. fxe5 Ne4 25. Re2 Nh4 26. Be1 Nf5 27. Nc3 Nxc3 28. Qxc3 Ng3 29. Bxg3 c5 30. dxc5 Rxc5 31. Qd2 Rxc1+ 32. Qxc1 Qf5 33. Rf2 Qg6 34. Kh2 h5 35. Rc2 Qe4 36. Rc8 Rxc8 37. Qxc8+ Kh7 38. Qc3 h4 39. Bf4 Qf5 40. g4 Qe4 41. b4 Qf3 42. Qd3+ Kg8 43. Qc2 g5 44. Bxg5 Qg3+ 45. Kh1 Qxh3+ 46. Kg1 Qg3+ 47. Qg2 Qxe5 48. Bf4 Qg7 49. g5 d4 50. Qa8+ Kh7 51. Qe4+ Kg8 52. Qxd4 Qg6 53. Qd8+ Kh7 54. Qd2 Qf5 55. Kg2 1-0


[Site "https://www.chess.com"]

[Event "Titled Tuesday Blitz November 29 Early 2022"]
[White "Baskakov, Egor"]
[Black "Herman, Daniel"]
[WhiteFideId "24197866"]
[BlackFideId "30935008"]
[WhiteElo "2211"]
[BlackElo "1897"]
[Result "1-0"]
[Round "01"]
[TimeControl "180+1"]
[Date "2022.11.30"]
[WhiteClock "0:01:42"]
[BlackClock "0:00:47"]

1. e4 g6 2. g3 Bg7 3. Bg2 c5 4. Ne2 Nc6 5. O-O Nf6 6. Nbc3 O-O 7. d4 cxd4 8. Nxd4 Nxe4 9. Nxc6 Nxc3 10. Nxe7+ Qxe7 11. bxc3 Bxc3 12. Rb1 d6 13. Bf4 Rd8 14. Qd3 Bg7 15. Rfe1 Qf6 16. h4 h6 17. Qd2 Kh7 18. c4 Be6 19. Rxb7 Bxc4 20. Bd5 Bxd5 21. Qxd5 Re8 22. Rxe8 Rxe8 23. Rxf7 Qa1+ 24. Kg2 Re1 25. Bxd6 Rh1 26. Rxg7+ 1-0


[Site "https://www.chess.com"]

[Event "Titled Tuesday Blitz November 29 Early 2022"]
[White "Begunov, Konstantin"]
[Black "Korchmar, Vasiliy"]
[WhiteFideId "4118510"]
[BlackFideId "24131750"]
[WhiteElo "2140"]
[BlackElo "2370"]
[Result "0-1"]
[Round "01"]
[TimeControl "180+1"]
[Date "2022.11.30"]
[WhiteClock "0:00:10"]
[BlackClock "0:00:13"]

1. d4 d5 2. c4 c6 3. Nc3 Nf6 4. cxd5 cxd5 5. Nf3 Nc6 6. Bf4 Nh5 7. Bg5 h6 8. Bh4 g5 9. Bg3 Bg7 10. e3 O-O 11. Qb3 Nxg3 12. hxg3 g4 13. Ng1 e5 14. dxe5 Nxe5 15. Qxd5 Nf3+ 16. Ke2 Nxg1+ 17. Rxg1 Qb6 18. Qb3 Qa6+ 19. Ke1 Qa5 20. Bc4 Bf5 21. Ke2 Rac8 22. Rgc1 a6 23. Bd3 Be6 24. Qc2 b5 25. a3 Rfd8 26. Bf5 Bc4+ 27. Ke1 Rc6 28. Bxg4 Rcd6 29. Bf3 Rd2 30. Qxd2 Rxd2 31. Kxd2 Qd8+ 32. Ke1 Qd3 33. Ne4 Bxb2 34. Rd1 Bc3+ 35. Nd2 Qf1# 0-1


[Site "https://www.chess.com"]

[Event "Titled Tuesday Blitz November 29 Early 2022"]
[White "Berezin, Viktor"]
[Black "Megalios, Konstantinos"]
[WhiteFideId "14107872"]
[BlackFideId "4238044"]
[WhiteElo "2310"]
[BlackElo "2277"]
[Result "0-1"]
[Round "01"]
[TimeControl "180+1"]
[Date "2022.11.30"]
[WhiteClock "0:00:55"]
[BlackClock "0:01:06"]

1. Nf3 Nf6 2. c4 e6 3. g3 a6 4. Bg2 b5 5. O-O Bb7 6. d3 c5 7. Nc3 Qb6 8. Rb1 Be7 9. a3 Nc6 10. Bd2 O-O 11. Ng5 Nd4 12. Nge4 Nxe4 13. Nxe4 d5 14. cxd5 Bxd5 15. b4 cxb4 16. axb4 Qb7 17. Bc3 Nf5 18. Qd2 Rac8 19. Rfc1 Rfd8 20. Bf3 h6 21. Ba1 Rxc1+ 22. Rxc1 Bxe4 23. Bxe4 Qxe4 24. dxe4 Rxd2 25. exf5 exf5 26. Rc8+ Kh7 27. Bc3 Rxe2 28. Kf1 Rc2 0-1


[Site "https://www.chess.com"]

[Event "Titled Tuesday Blitz November 29 Early 2022"]
[White "Bortnyk, Olexandr"]
[Black "Stankovic, Ivan G"]
[WhiteFideId "14120828"]
[BlackFideId "902837"]
[WhiteElo "2723"]
[BlackElo "2226"]
[Result "1-0"]
[Round "01"]
[TimeControl "180+1"]
[Date "2022.11.30"]
[WhiteClock "0:00:13"]
[BlackClock "0:00:18"]

1. e4 c5 2. c3 Nf6 3. e5 Nd5 4. d4 cxd4 5. Nf3 d6 6. cxd4 Nc6 7. Bc4 Nb6 8. Bb5 a6 9. Bxc6+ bxc6 10. O-O Bg4 11. h3 Bh5 12. Qb3 Nd5 13. Nbd2 Rb8 14. Qa4 Qb6 15. exd6 exd6 16. Re1+ Be7 17. Nc4 Qc7 18. g4 Bg6 19. Qa5 Qd7 20. Bg5 O-O 21. Bxe7 Nxe7 22. Qxa6 Bd3 23. Nce5 dxe5 24. Qxd3 Rxb2 25. Nxe5 Qd5 26. Nc4 Rb4 27. Rac1 Ng6 28. Ne3 Qf3 29. Qc3 Rb6 30. Nf5 Qd5 31. Qc5 Ra6 32. Qxd5 cxd5 33. Rc2 Nf4 34. Kh2 Ne6 35. Re5 Rd8 36. Rxd5 Rxd5 37. Ne7+ Kf8 38. Nxd5 Ra8 39. Rd2 Rd8 40. Ne3 Nxd4 41. Kg2 Ke7 42. Rxd4 Rxd4 43. Nf5+ 1-0


[Site "https://www.chess.com"]

[Event "Titled Tuesday Blitz November 29 Early 2022"]
[White "Boyer, Mahel"]
[Black "Ovezdurdyyeva, Jemal"]
[WhiteFideId "45102422"]
[BlackFideId "14001888"]
[WhiteElo "2454"]
[BlackElo "1961"]
[Result "0-1"]
[Round "01"]
[TimeControl "180+1"]
[Date "2022.11.30"]
[WhiteClock "0:00:40"]
[BlackClock "0:00:18"]

1. d4 Nf6 2. g3 e6 3. Bg2 d5 4. Nd2 Be7 5. e4 c5 6. exd5 Nxd5 7. dxc5 Bxc5 8. Ne4 Be7 9. Ne2 O-O 10. O-O Nc6 11. a3 e5 12. c4 Nb6 13. b3 Bg4 14. f3 Be6 15. Be3 f5 16. N4c3 Bf6 17. Qxd8 Raxd8 18. Rfd1 Nd4 19. Bxd4 exd4 20. Nb5 d3 21. Nf4 Bf7 22. Ra2 g5 23. Nxd3 a6 24. c5 axb5 25. cxb6 Bxb3 26. Rad2 Bxd1 27. Rxd1 Bd4+ 28. Kf1 Bxb6 29. f4 gxf4 30. gxf4 Rd4 31. Bxb7 Rfd8 32. Ke2 Re8+ 33. Kf1 Re3 34. Nb2 Rxf4+ 35. Kg2 Re2+ 36. Kg3 Rg4+ 37. Kf3 Rxb2 38. Bc8 Rb3+ 39. Ke2 Rg2+ 40. Kf1 Rf2+ 41. Ke1 Rxh2 42. Be6+ Kg7 43. Bxb3 Rh3 44. Rd7+ Kf6 45. Bg8 Ba5+ 46. Kd1 h5 47. Rd6+ Kg5 48. Rd5 Rxa3 49. Rxb5 Bc7 50. Ke2 Bf4 51. Be6 Re3+ 52. Kf2 Rxe6 53. Kf3 Re3+ 54. Kf2 Re4 55. Kf3 Ra4 56. Rb3 h4 57. Kg2 Ra2+ 58. Kh3 Rh2# 0-1


[Site "https://www.chess.com"]

[Event "Titled Tuesday Blitz November 29 Early 2022"]
[White "Broca Jimenez, Fernando"]
[Black "Omelja, Artem"]
[WhiteFideId "5104742"]
[BlackFideId "14119846"]
[WhiteElo "2062"]
[BlackElo "2403"]
[Result "0-1"]
[Round "01"]
[TimeControl "180+1"]
[Date "2022.11.30"]
[WhiteClock "0:00:15"]
[BlackClock "0:01:38"]

1. e4 c5 2. c3 d5 3. exd5 Qxd5 4. d4 cxd4 5. cxd4 Nc6 6. Nf3 e6 7. g3 Nf6 8. Bg2 Bb4+ 9. Nc3 O-O 10. O-O Qd8 11. Bg5 h6 12. Bxf6 Qxf6 13. Rc1 Rd8 14. Qd3 Bd7 15. Rfd1 Be8 16. Qe3 Rac8 17. d5 Bxc3 18. dxc6 Bxb2 19. Rxd8 Rxd8 20. Rb1 Bxc6 21. Qb3 Bc3 22. Rc1 Bxf3 23. Qxc3 Qxc3 24. Rxc3 Bxg2 25. Kxg2 Rd7 26. Rb3 g6 27. Kf3 Kg7 28. Ke4 Kf6 29. f4 h5 30. h3 Ke7 31. g4 hxg4 32. hxg4 f5+ 33. gxf5 gxf5+ 34. Ke3 b6 35. Rc3 Kd6 36. a3 Rc7 37. Rd3+ Ke7 38. Rb3 Rc4 39. Kf3 Kf6 40. Ke3 e5 41. fxe5+ Kxe5 42. Kf3 f4 43. Rb5+ Rc5 44. Rb4 Rc3+ 45. Kf2 Rxa3 0-1


[Site "https://www.chess.com"]

[Event "Titled Tuesday Blitz November 29 Early 2022"]
[White "Bruned, Yvain"]
[Black "Munkhgal, Gombosuren"]
[WhiteFideId "2250292"]
[BlackFideId "4901266"]
[WhiteElo "2183"]
[BlackElo "2576"]
[Result "1/2-1/2"]
[Round "01"]
[TimeControl "180+1"]
[Date "2022.11.30"]
[WhiteClock "0:00:10"]
[BlackClock "0:00:05"]

1. b3 d5 2. Bb2 Bg4 3. h3 Bh5 4. g3 Nc6 5. Bg2 e5 6. d3 Nf6 7. Nd2 Bc5 8. Ngf3 Qe7 9. e4 O-O-O 10. exd5 Nxd5 11. O-O Nd4 12. g4 Bg6 13. Nxd4 Bxd4 14. Bxd4 exd4 15. Qf3 h5 16. Rfe1 Qb4 17. Nc4 Kb8 18. a3 Qb5 19. Re5 hxg4 20. hxg4 c6 21. Rae1 a5 22. a4 Qb4 23. Qg3 Ka7 24. R5e2 f6 25. Bxd5 Rxd5 26. Kg2 f5 27. g5 Rf8 28. f4 Bh5 29. Re7 Bg4 30. Rxg7 Qc3 31. Qf2 Rdd8 32. Ree7 Rb8 33. Nd6 Rh8 34. Rxb7+ Rxb7 35. Rxb7+ Ka8 36. Re7 Qa1 37. Re8+ Rxe8 38. Nxe8 Qd1 39. Nd6 Bh5 40. Nxf5 Bf7 41. Ng3 Bd5+ 42. Kh2 Qg4 43. Kg1 Qh3 44. f5 Qg4 45. g6 Qd1+ 46. Kh2 Qg4 47. Kg1 Qg5 48. Kh2 Qh6+ 49. Kg1 Qc1+ 50. Kh2 Qh6+ 51. Kg1 Qg5 52. Kh2 Kb7 53. Kg1 Qc1+ 54. Kh2 Qg5 55. Kg1 c5 56. Kh2 Kb6 57. Kg1 Bc6 58. Kh2 Bd5 59. Kg1 Qc1+ 60. Kh2 Qg5 1/2-1/2


[Site "https://www.chess.com"]